 Dungeon Crawl Stone Soup version 0.19-a0-934-gf1df8d1 (webtiles) character file.

97 Implojin the Chopper (level 4, 0/39 HPs)
             Began as a Minotaur Fighter on July 8, 2016.
             Slain by an ice beast (6 damage)
             ... on level 5 of the Dungeon.
             The game lasted 00:02:04 (355 turns).

Implojin the Chopper (Minotaur Fighter)              Turns: 355, Time: 00:02:04

Health: 0/39       AC:  9    Str: 20    XL:     4   Next: 42%
Magic:  3/3        EV:  5    Int:  5    God:
Gold:   0          SH: 12    Dex: 11    Spells: 0 memorised, 3 levels left

rFire  . . .     SeeInvis .     a - +0 war axe
rCold  . . .     Gourm    .     j - +0 chain mail
rNeg   . . .     Faith    .     c - +0 shield
rPois  .         Spirit   .     (helmet restricted)
rElec  .         Dismiss  .     (no cloak)
rCorr  +         Reflect  +     (no gloves)
SustAt .         Harm     .     (no boots)
MR     .....                    g - +3 amulet of reflection
Stlth  ..........               (no ring)
                                e - ring of resist corrosion

@: not resistant to hostile enchantments, extremely unstealthy
A: retaliatory headbutt, horns 2
a: no special abilities


You were on level 5 of the Dungeon.
You were not hungry.

You visited 1 branch of the dungeon, and saw 5 of its levels.

Inventory:

Hand Weapons
 a - a +0 war axe (weapon)
Armour
 b - a +0 scale mail
 c - a +0 shield (worn)
 j - a +0 chain mail (worn)
Jewellery
 e - a ring of resist corrosion (left hand)
 g - a +3 amulet of reflection (around neck)
Scrolls
 h - 2 scrolls of fog {unknown}
 i - 2 scrolls of teleportation {unknown}
 k - a scroll of random uselessness {unknown}
 m - a scroll of amnesia {unknown}
Potions
 l - 2 potions of agility {unknown}
Comestibles
 d - a meat ration
 f - a bread ration


   Skills:
 - Level 3.6 Fighting
 * Level 5.7 Axes
 - Level 3.6 Armour
 - Level 3.6 Shields


You had 3 spell levels left.
You didn't know any spells.

Dungeon Overview and Level Annotations

Branches:
Dungeon (5/15)
 Temple: D:4-7

Altars:

Annotations:
D:3 Terence


Innate Abilities, Weirdness & Mutations

You reflexively headbutt those who attack you in melee.
You have a pair of horns on your head.


Message History

Found a beef jerky.
Found a bread ration.
The ice beast barely misses you. You furiously retaliate!
You headbutt the ice beast!
You see here a scroll labeled ERUOM ZOYWOSM.
Your chain mail prevents you from hitting the ice beast.
The ice beast is moderately wounded.
You block the ice beast's attack.
Unknown command.
Your chain mail prevents you from hitting the ice beast.
The ice beast is moderately wounded.
You block the ice beast's attack.
The ice beast hits you but does no damage.
You hit the ice beast.
The ice beast is heavily wounded.
You block the ice beast's attack.
You hit the ice beast but do no damage.
The ice beast is heavily wounded.
You block the ice beast's attack.
You hit the ice beast.
The ice beast is severely wounded.
You block the ice beast's attack.
Your shield and chain mail prevent you from hitting the ice beast.
Your headbutt misses the ice beast.
The ice beast is severely wounded.
The ice beast hits you but does no damage.
The ice beast hits you.
* * * LOW HITPOINT WARNING * * *
The ice beast freezes you!
* * * LOW HITPOINT WARNING * * *
Unknown command.
You hit the ice beast but do no damage. Your headbutt misses the ice beast.
The ice beast is severely wounded.
You block the ice beast's attack.
You closely miss the ice beast.
The ice beast is severely wounded.
The ice beast hits you.
* * * LOW HITPOINT WARNING * * *
The ice beast freezes you.
You die...

. #.......#
.......# #
......# .#
.....####.#
..<.......+ #.#
#@# ###.####Y#.#
#<.....?...#
###.##......#
.........#.....%#
##..######......#
# .........
#.........#
#.........#


You could see an ice beast.

Vanquished Creatures
  2 hounds (D:4)
  2 adders (D:2)
  A worm (D:2)
  A dart slug (D:2)
  An orc (D:4)
  A giant cockroach (D:1)
  A goblin (D:2)
  2 hobgoblins (D:1)
  A ball python (D:2)
  2 bats
  A giant newt (D:1)
  A kobold (D:4)
  3 rats (D:1)
19 creatures vanquished.

Notes
Turn   | Place    | Note
-------+----------+-------------------------------------------
     0 | D:1      | Implojin the Minotaur Fighter began the quest for the Orb.
     0 | D:1      | Reached XP level 1. HP: 19/19 MP: 0/0
    72 | D:1      | Reached skill level 3 in Axes
    83 | D:2      | Reached XP level 2. HP: 7/26 MP: 1/1
   142 | D:2      | Reached skill level 4 in Axes
   154 | D:2      | Reached XP level 3. HP: 3/31 MP: 2/2
   213 | D:3      | You fall through a shaft for 2 floors!
   213 | D:5      | Entered Level 5 of the Dungeon
   213 | D:5      | Noticed an ogre
   234 | D:4      | Reached skill level 5 in Axes
   255 | D:4      | Reached XP level 4. HP: 5/39 MP: 3/3
   324 | D:3      | Noticed Terence
   342 | D:5      | Noticed an ice beast
   355 | D:5      | Slain by an ice beast

Vault maps used:
D:1:      saegor_arrival_simple_e
D:2:      old_standard_altar
D:3:      lemuel_blue_sif_altar, trog_butcher_becter, uniq_terence
D:4:      lemuel_round_altar, kennysheep_mini, nicolae_overflow_hidden_temple,
          kennysheep_small_circle
D:5:      kennysheep_little_box, lemuel_crystal_altar, basic_altar,
          serial_shops, shop, first_bread

Skill      XL: |  1  2  3 |
---------------+----------+-----
Axes           | 3 4 5 |  5.7
Fighting       | |  3.6
Armour         | |  3.6
Shields        | |  3.6

Action                   |  1- 3 |  4- 6 || total
-------------------------+-------+-------++-------
Melee: War axe           |    51 |    15 ||    66
       Headbutt          |     7 |       ||     7
  Use: Potion            |     2 |       ||     2
Armor: Scale mail        |    30 |     1 ||    31
       Chain mail        |       |     3 ||     3
Dodge: Dodged            |    22 |     1 ||    23
Block: Shield            |    40 |    14 ||    54

Table legend:
 A = Turns spent in this place as a percentage of turns spent in the entire game.
 B = Non-inter-level travel turns spent in this place as a percentage of non-inter-level travel turns spent in the entire game.
 C = Inter-level travel turns spent in this place as a percentage of turns spent in this place.
 D = Turns resting spent in this place as a percentage of non-inter-level travel turns spent in this place.
 E = Turns spent auto-exploring this place as a percentage of non-inter-level travel turns spent in this place.
 F = Non-inter-level travel turns spent in this place divided by the number of levels of this place that you've seen.
                   A       B       C       D       E      F
               +-------+-------+-------+-------+-------+----------------------
         Total | 100.0 | 100.0 |   0.0 |   0.0 |   0.0 |  72.8
       Dungeon | 100.0 | 100.0 |   0.0 |   0.0 |   0.0 |  72.8
               +-------+-------+-------+-------+-------+----------------------

Table legend:
 A = Kills in this place as a percentage of kills in entire the game.
 B = Kills by you in this place as a percentage of kills by you in the entire game.
 C = Kills by friends in this place as a percentage of kills by friends in the entire game.
 D = Other kills in this place as a percentage of other kills in the entire game.
 E = Experience gained in this place as a percentage of experience gained in the entire game.
 F = Experience gained in this place divided by the number of levels of this place that you have seen.
                   A       B       C       D       E      F
               +-------+-------+-------+-------+-------+----------------------
         Total | 100.0 | 100.0 |  -nan |  -nan | 100.0 |  27.8
       Dungeon | 100.0 | 100.0 |  -nan |  -nan | 100.0 |  27.8
               +-------+-------+-------+-------+-------+----------------------
